 Dungeon Crawl Stone Soup version 0.23-a0-143-g1adec7b (webtiles) character file.

1106 chorionicmirror the Carver (level 8, -1/65 HPs)
             Began as a Formicid Abyssal Knight on Sept 3, 2018.
             Was a Priest of Lugonu.
             Slain by a gnoll
             ... wielding a +0 whip
              (3 damage)
             ... on level 4 of the Dungeon.
             The game lasted 00:16:20 (3575 turns).

chorionicmirror the Carver (FoAK)                   Turns: 3575, Time: 00:16:24

Health: -1/65      AC:  6    Str: 20      XL:     8   Next: 58%
Magic:  9/9        EV: 11    Int: 11      God:    Lugonu [***...]
Gold:   151        SH:  0    Dex:  9 (10) Spells: 7/7 levels left

rFire    + . .     SeeInvis +   a - +2 falchion
rCold    . . .     Gourm    .   (no shield)
rNeg     + + +     Faith    .   f - +2 leather armour "Jaeh Riff" {rElec rN+++ Regen+ Stlth-}
rPois    +         Spirit   .   (helmet unavailable)
rElec    +         Reflect  .   (no cloak)
rCorr    .         Harm     .   h - +0 pair of gloves
MR       .....                  (no boots)
Stlth    ..........             (no amulet)
HPRegen  0.60/turn              e - ring of poison resistance
MPRegen  0.11/turn              b - ring of protection from fire

@: lethally poisoned (-1 -> -1)
A: permanent stasis, dig shafts and tunnels, four strong arms, antennae 3
a: Dig, Shaft Self, Depart the Abyss, Bend Space, Banish, Renounce Religion


You were on level 4 of the Dungeon.
You worshipped Lugonu.
Lugonu was most pleased with you.
You were not hungry.

You visited 1 branch of the dungeon, and saw 4 of its levels.
You visited the Abyss 1 time.

You collected 151 gold pieces.

Inventory:

Hand Weapons
 a - a +2 falchion (weapon)
Missiles
 d - 47 sling bullets
Armour
 f - the +2 leather armour "Jaeh Riff" (worn) {rElec rN+++ Regen+ Stlth-}
   (You found it on level 4 of the Dungeon)

   It insulates you from electricity.
   It renders you almost immune to negative energy.
   It increases your rate of regeneration.
   It makes you less stealthy.
 h - a +0 pair of gloves (worn)
Jewellery
 b - a ring of protection from fire (right hand)
 e - a ring of poison resistance (left hand)
Wands
 q - a wand of iceblast (19)
Scrolls
 g - a scroll of fear
 l - a scroll of amnesia
 n - a scroll of remove curse
Potions
 i - 3 potions of flight
Comestibles
 c - 5 rations


   Skills:
 + Level 6.9 Fighting
 * Level 8.1 Long Blades
 - Level 2.1 Armour
 - Level 0.8 Dodging
 - Level 2.1 Invocations


You had 7 spell levels left.
You didn't know any spells.
Your spell library was empty.

Dungeon Overview and Level Annotations

Branches:
Dungeon (4/15)
 Temple: D:4-7

Altars:
Cheibriados
Kikubaaqudgha
Ru

Annotations:
D:4 Eustachio, Menkaure


Innate Abilities, Weirdness & Mutations

You cannot be hasted, slowed, berserked, paralysed or teleported.
You can dig through walls and to a lower floor.
Your four strong arms can wield two-handed weapons with a shield.
You have a pair of large antennae on your head. (SInv)


Message History

The gnoll hits you but does no damage.
The gnoll hits you from afar with a spear!
* * * LOW HITPOINT WARNING * * *
You barely miss the gnoll.
The gnoll is almost dead.
You feel sick. The gnoll barely misses you. The gnoll hits you with a whip.
* * * LOW HITPOINT WARNING * * *
The gnoll misses you.
You completely miss the gnoll.
The gnoll is almost dead.
You feel sick. The gnoll closely misses you. The gnoll hits you with a whip.
* * * LOW HITPOINT WARNING * * *
You hit the gnoll.
You kill the gnoll!
Lugonu accepts your kill.
You feel sick.
The gnoll hits you from afar with a spear.
* * * LOW HITPOINT WARNING * * *
The gnoll hits you with a whip.
You die...

...
#......#.#...... #
#. #.##.#...###...#
#. #. #.##..# #...#
#. #.##.##..###...#
#. #...............
###.
####.#######.###
..g #.. ....##
#g#################
#)@................
###################


You could see 2 gnolls.

Vanquished Creatures
  Pikel (D:4)
  Sigmund (D:3)
  A howler monkey (D:3)
  A hound (D:3)
  4 orc priests (D:3)
  Ijyb (D:3)
  Terence (D:3)
  An orc wizard (D:3)
  2 worker ants (D:4)
  A gnoll (D:4)
  5 adders
  An ooze (D:2)
  4 worms
  2 dart slugs
  3 leopard geckos
  14 orcs
  11 bats
  13 giant cockroaches
  5 goblins
  7 hobgoblins
  2 quokkas
  5 frilled lizards
  9 kobolds
  5 rats
100 creatures vanquished.

Vanquished Creatures (others)
  A slave (D:4)
  A phantom (D:4)
2 creatures vanquished.

Grand Total: 102 creatures vanquished

Notes
Turn   | Place    | Note
-------+----------+-------------------------------------------
     0 | Abyss:1  | chorionicmirror the Formicid Abyssal Knight began the quest
                  | for the Orb.
     0 | Abyss:1  | Reached XP level 1. HP: 18/18 MP: 2/2
    34 | Abyss:1  | Noticed an ancient zyme
    36 | D:1      | Escaped the Abyss
   131 | D:1      | Reached * piety under Lugonu
   177 | D:1      | Reached XP level 2. HP: 23/24 MP: 3/3
   326 | D:1      | Found a snail-covered altar of Cheibriados.
   615 | D:1      | Reached XP level 3. HP: 26/30 MP: 4/4
   643 | D:1      | Reached skill level 3 in Long Blades
   864 | D:2      | Reached ** piety under Lugonu
   902 | D:2      | Reached XP level 4. HP: 37/37 MP: 5/5
  1320 | D:2      | Reached skill level 4 in Long Blades
  1371 | D:2      | Found an ancient bone altar of Kikubaaqudgha.
  1488 | D:2      | Reached XP level 5. HP: 41/42 MP: 6/6
  1741 | D:3      | Noticed Terence
  1764 | D:3      | Killed Terence
  1764 | D:3      | Reached XP level 6. HP: 17/49 MP: 7/7
  1946 | D:3      | Reached skill level 5 in Long Blades
  2068 | D:3      | Noticed Ijyb
  2086 | D:3      | Killed Ijyb
  2086 | D:3      | Reached skill level 5 in Fighting
  2119 | D:3      | Reached *** piety under Lugonu
  2302 | D:3      | Found a sacrificial altar of Ru.
  2318 | D:3      | Noticed Sigmund
  2341 | D:3      | Killed Sigmund
  2341 | D:3      | Reached skill level 6 in Long Blades
  2341 | D:3      | Reached XP level 7. HP: 27/56 MP: 8/8
  3079 | D:4      | Noticed Pikel
  3106 | D:4      | Killed Pikel
  3106 | D:4      | Reached skill level 7 in Long Blades
  3106 | D:4      | Reached XP level 8. HP: 14/65 MP: 9/9
  3130 | D:4      | Got a spiked leather armour
  3139 | D:4      | Noticed Eustachio
  3161 | D:4      | Noticed Menkaure
  3167 | D:3      | Reached skill level 8 in Long Blades
  3484 | D:3      | Identified the +2 leather armour "Jaeh Riff" {rElec rN+++
                  | Regen+ Stlth-} (You found it on level 4 of the Dungeon)
  3575 | D:4      | HP: 2/65 [gnoll/spear (5)]
  3575 | D:4      | Slain by a gnoll

Vault maps used:
D:1:      minmay_arrival_up_and_down, cheibriados_altar_1
D:2:      minmay_roachtagon, lemuel_coloured_pillars_altar,
          minmay_misc_feat_roman, kennysheep_doodads
D:3:      first_ration, nicolae_ru_awakened_eye, uniq_sigmund, uniq_ijyb,
          uniq_terence
D:4:      minmay_temple_entry_water_ring, uniq_eustachio, uniq_menkaure,
          uniq_pikel

Skill      XL: |  1  2  3  4  5  6  7  8 |
---------------+-------------------------+-----
Long Blades    | 3 4 6 7 8 |  8.1
Fighting       | 4 5 6 |  6.9
Armour         | |  2.1
Dodging        | |  0.8
Invocations    | |  2.1

Action                   |  1- 3 |  4- 6 |  7- 9 || total
-------------------------+-------+-------+-------++-------
Melee: Falchion          |    67 |   208 |   122 ||   397
Invok: Depart the Abyss  |     1 |       |       ||     1
       Bend Space        |       |     1 |     1 ||     2
  Use: Scroll            |     4 |       |     5 ||     9
       Potion            |       |     1 |     5 ||     6
  Eat: Chunk             |       |     5 |     2 ||     7
       Ration            |       |       |     1 ||     1
Armor: Leather armour    |     9 |       |     1 ||    10
       Ring mail         |    20 |    88 |    31 ||   139
       Skin              |       |       |    74 ||    74
Dodge: Dodged            |    45 |   125 |    71 ||   241
       Rpst.: Falchion   |    19 |    36 |    20 ||    75

Table legend:
 A = Non-vault XP
 B = Vault XP
 C = Vault XP percentage of total XP
 D = Non-vault monster count
 E = Vault monster count
 F = Vault count percentage of total count
                 A         B        C        D         E       F
            +---------+---------+-------+---------+---------+-------
      Total |     653 |     927 |  58.7 |      88 |      13 |  12.9
            +---------+---------+-------+---------+---------+-------
        D:1 |      34 |       0 |   0.0 |      23 |       0 |   0.0
        D:2 |      91 |      18 |  16.5 |      24 |       9 |  27.3
        D:3 |     360 |     292 |  44.8 |      35 |       3 |   7.9
        D:4 |     168 |     617 |  78.6 |       6 |       1 |  14.3
            +---------+---------+-------+---------+---------+-------
